 Dungeon Crawl Stone Soup version 0.24.0-13-gcf9b319 (webtiles) character file.

Game seed: 13558183914546906103, levelgen mode: deterministic

48 Bronimir the Stinger (level 4, 0/30 HPs)
             Began as a Formicid Venom Mage on Mar 31, 2020.
             Slain by a gnoll
             ... wielding a +0 club
              (8 damage)
             ... on level 2 of the Dungeon.
             The game lasted 00:03:06 (1650 turns).

Bronimir the Stinger (Formicid Venom Mage)          Turns: 1650, Time: 00:03:07

Health: 0/30       AC:  4    Str: 14    XL:     4   Next: 0%
Magic:  3/7        EV: 12    Int: 14    God:
Gold:   100        SH:  0    Dex: 11    Spells: 4/7 levels left

rFire    + . .     SeeInvis +   g - +0 club
rCold    . . .     Gourm    .   (no shield)
rNeg     . . .     Faith    .   a - +0 robe
rPois    .         Spirit   .   (helmet unavailable)
rElec    .         Reflect  .   e - +0 cloak
rCorr    .         Harm     .   f - +0 pair of gloves
MR       .....                  (no boots)
Stlth    ++........             (no amulet)
HPRegen  0.10/turn              p - ring of protection from fire
MPRegen  0.10/turn              (no ring)

@: very slightly contaminated
A: permanent stasis, dig shafts and tunnels, four strong arms, antennae 3
a: Dig, Shaft Self


You were on level 2 of the Dungeon.
You were not hungry.

You visited 1 branch of the dungeon, and saw 2 of its levels.

You collected 100 gold pieces.

Inventory:

Hand Weapons
 g - a +0 club (weapon)
Missiles
 l - 20 stones (quivered)
Armour
 a - a +0 robe (worn)
 e - a +0 cloak (worn)
 f - a +0 pair of gloves (worn)
 h - a +0 ring mail
Jewellery
 p - a ring of protection from fire (left hand)
Scrolls
 j - a scroll of remove curse {unknown}
 k - a scroll of amnesia {unknown}
 n - a scroll of enchant weapon {unknown}
 o - a scroll of identify {unknown}
 q - a scroll of fear {unknown}
Potions
 b - a potion of lignification {unknown}
 d - a potion of heal wounds {unknown}
 i - a potion of mutation {unknown}
Comestibles
 c - 2 rations
 m - a chunk of flesh


   Skills:
 + Level 0.1 Fighting
 + Level 0.5 Maces & Flails
 * Level 0.7 Armour
 + Level 2.2 Dodging
 - Level 2.4 Stealth
 + Level 0.4 Unarmed Combat
 * Level 2.4 Spellcasting
 * Level 1.0 Conjurations
 * Level 4.9 Poison Magic


You had 4 spell levels left.
You knew the following spells:

 Your Spells              Type           Power        Failure   Level  Hunger
a - Sting                 Conj/Pois      ##..         7%          1    #......
b - Poisonous Vapours     Pois/Air       #.....       12%         2    ###....

Your spell library contained the following spells:

 Spells                   Type           Power        Failure   Level  Hunger
 Olgreb's Toxic Radiance  Pois           ###.....     28%         4    #####..
 Mephitic Cloud           Conj/Pois/Air  #.......     30%         3    ###....
 Venom Bolt               Conj/Pois      ##........   88%         5    ######.


Dungeon Overview and Level Annotations

Branches:
Dungeon (2/15)

Altars:


Innate Abilities, Weirdness & Mutations

You cannot be hasted, slowed, berserked, paralysed or teleported.
You can dig through walls and to a lower floor.
Your four strong arms can wield two-handed weapons with a shield.
You have a pair of large antennae on your head. (SInv)


Message History

You kill the hobgoblin!
You have reached level 4!
You feel stronger.
Casting: Poisonous Vapours (safe; 12% risk of failure)
Confirm with . or Enter, or press ? or * to list all spells.
Aiming: Poisonous Vapours (safe; 12% risk of failure)
Press: ? - help, Dir - move target cursor, f - gnoll, p - gnoll
Aim: a gnoll, wielding a +0 spear You miscast Poisonous Vapours.
You are very lightly contaminated with residual magic.
Your hair stands on end.
The gnoll closely misses you. The gnoll hits you with a +0 spear!
* * * LOW HITPOINT WARNING * * *
You extend your mandibles.
You dig through the rock wall.
The gnoll barely misses you.
You dig through the rock wall.
The gnoll barely misses you. The gnoll misses you.
You dig through the rock wall.
You dig through the rock wall.
The gnoll hits you with a +0 club!
You die...

.....#.##.##..#.#####.#
.###.#.##.......# #.#
#.#.<...#..### #..
#.#####.#..# ### #.#
#.#..# # ..####.#..#
#.#.........#
#...####.#g## #@ggg.#.#
######.#.# ...?......#
#######.### #.# #.# #.#
#.# #.#


You could see 3 gnolls.

Vanquished Creatures
  A gnoll (D:2)
  An ooze (D:2)
  A dart slug (D:1)
  A ball python (D:1)
  3 giant cockroaches
  4 goblins (D:1)
  4 hobgoblins
  4 jackals (D:1)
  A kobold (D:1)
  3 bats (D:1)
  3 frilled lizards (D:1)
  4 rats
30 creatures vanquished.

Notes
Turn   | Place    | Note
-------+----------+-------------------------------------------
     0 | D:1      | Bronimir the Formicid Venom Mage began the quest for the
                  | Orb.
     0 | D:1      | Reached XP level 1. HP: 13/13 MP: 3/3
   308 | D:1      | Reached XP level 2. HP: 19/19 MP: 3/5
   759 | D:1      | Learned a level 2 spell: Poisonous Vapours
   827 | D:1      | Reached XP level 3. HP: 20/24 MP: 4/6
  1621 | D:2      | Reached skill level 1 in Conjurations
  1642 | D:2      | Reached XP level 4. HP: 14/30 MP: 4/7
  1650 | D:2      | Slain by a gnoll

Levels and vault maps discovered:
D:1:      lemuel_arrival_rhombus, layout_basic
D:2:      layout_loops_ring, first_ration

Skill      XL: |  1  2  3 |
---------------+----------+-----
Dodging        | 2 |  2.2
Conjurations   | 1 |  1.0
Fighting       | |  0.1
Maces & Flails | |  0.5
Armour         | |  0.7
Stealth        | |  2.4
Unarmed Combat | |  0.4
Spellcasting   | |  2.4
Poison Magic   | |  4.9

Action                   |  1- 3 |  4- 6 || total
-------------------------+-------+-------++-------
Melee: Unarmed           |    13 |       ||    13
       Club              |   129 |       ||   129
 Cast: Sting             |    11 |       ||    11
       Poisonous Vapours |     5 |       ||     5
 Abil: Dig               |       |     1 ||     1
 Stab: Sleeping          |     2 |       ||     2
  Eat: Chunk             |     3 |       ||     3
Armor: Robe              |    51 |       ||    51
Dodge: Dodged            |   105 |     4 ||   109
